 Dungeon Crawl Stone Soup version 0.19.1-1-g22dce08 (webtiles) character file.

91 Gargoyl the Skirmisher (level 4, 0/40 HPs)
             Began as a Ghoul Abyssal Knight on Jan 13, 2017.
             Was a Believer of Lugonu.
             Slain by a gnoll
             ... wielding a +0 spear
              (1 damage)
             ... on level 2 of the Dungeon.
             The game lasted 00:03:56 (2540 turns).

Gargoyl the Skirmisher (Ghoul Abyssal Knight)       Turns: 2540, Time: 00:03:57

Health: 0/40       AC:  7    Str: 12 (15) XL:     4   Next: 57%
Magic:  5/5        EV:  8    Int:  5 (7)  God:    Lugonu [**....]
Gold:   104        SH:  5    Dex:  8 (9)  Spells: 0 memorised, 3 levels left

rFire  + . .     SeeInvis +     a - +1 hand axe
rCold  + + .     Gourm    .     b - +0 scale mail
rNeg   + + +     Faith    .     h - +0 buckler
rPois  ∞         Spirit   .     (no helmet)
rElec  +         Reflect  +     (no cloak)
rCorr  +         Harm     .     j - +0 pair of gloves
MR     .....                    (no boots)
Stlth  ..........               f - +3 amulet of reflection
                                (no ring)
                                d - ring of see invisible

@: resistant, rotting
A: rotting body, claws 1, carnivore 3, cold resistance 1, negative energy
resistance 3, slow regeneration 1, torment resistance, unbreathing
a: Depart the Abyss, Bend Space, Renounce Religion


You were on level 2 of the Dungeon.
You worshipped Lugonu.
Lugonu was pleased with you.
You were not hungry.

You visited 1 branch of the dungeon, and saw 2 of its levels.
You visited the Abyss 1 time.

You collected 104 gold pieces.

Inventory:

Hand Weapons
 a - a +1 hand axe (weapon)
 p - a +0 spear
Armour
 b - a +0 scale mail (worn)
 h - a +0 buckler (worn)
 j - a +0 pair of gloves (worn)
Jewellery
 d - a ring of see invisible (left hand)
 f - a +3 amulet of reflection (around neck)
Wands
 e - a wand of flame (27/48)
Scrolls
 g - 2 scrolls of teleportation
 k - a scroll of blinking {unknown}
 n - a scroll of noise {unknown}
 o - a scroll of enchant armour {unknown}
 u - a scroll of immolation {unknown}
Potions
 i - a potion of magic
 l - a potion of agility {unknown}
 m - a potion of haste {unknown}
 s - a potion of resistance
 t - a potion of heal wounds {unknown}
Comestibles
 c - 3 meat rations
 q - a slice of pizza
 r - 4 chunks of flesh


   Skills:
 + Level 4.0 Fighting
 + Level 2.6 Axes
 * Level 2.5 Armour
 + Level 0.8 Dodging
 * Level 2.8 Invocations


You had 3 spell levels left.
You didn't know any spells.

Dungeon Overview and Level Annotations

Branches:
Dungeon (2/15)

Altars:
Uskayaw
Vehumet


Innate Abilities, Weirdness & Mutations

Your body is rotting away.
You thrive on raw meat.
You are immune to poison.
You have sharp fingernails.
You are carnivorous and can eat meat at any time.
Your flesh is cold resistant. (rC+)
You are immune to negative energy. (rN+++)
You regenerate slowly when monsters are visible.
You are immune to unholy pain and torment.
You can survive without breathing.


Message History

You hit the gnoll but do no damage. The gnoll hits you.
The gnoll hits you with a spear. The gnoll hits you but does no damage.
You barely miss the gnoll.
The gnoll is severely wounded.
You barely miss the gnoll. The gnoll hits you with a spear. The gnoll hits you.
* * * LOW HITPOINT WARNING * * *
The gnoll hits you with a spear!
* * * LOW HITPOINT WARNING * * *
You hit the gnoll.
The gnoll is severely wounded.
You closely miss the gnoll.
The gnoll hits you but does no damage. x2
Unknown command.
It was a potion of magic.
Magic courses through your body. You block the gnoll's attack.
The gnoll hits you but does no damage.
It was a potion of resistance.
You feel protected. The gnoll hits you but does no damage.
The gnoll hits you with a spear.
* * * LOW HITPOINT WARNING * * *
The gnoll hits you from afar with a spear.
You die...

## #### .###..##
.##.##.## ##.##.#_#
########## #.##.####
#........#
.###..##########.######.#
#######..........# #.#
........##.#####@### #.#
.######....>.# # .# #..
.#. ..# #.# . .# #. .#
#.# #.#######


You could see 2 gnolls.

Vanquished Creatures
  2 gnolls (D:1)
  An adder (D:2)
  A worm (D:1)
  A dart slug (D:1)
  A leopard gecko (D:1)
  6 bats
  4 giant cockroaches
  5 goblins
  11 hobgoblins
  4 jackals (D:2)
  A ball python (D:2)
  2 frilled lizards (D:1)
  10 kobolds
  2 rats (D:2)
51 creatures vanquished.

Notes
Turn   | Place    | Note
-------+----------+-------------------------------------------
     0 | Abyss:1  | Gargoyl the Ghoul Abyssal Knight began the quest for the Orb.
     0 | Abyss:1  | Reached XP level 1. HP: 19/19 MP: 1/1
    12 | Abyss:1  | Found a corrupted altar of Lugonu.
    46 | Abyss:2  | Noticed a black draconian
    46 | D:1      | Escaped the Abyss
   254 | D:1      | Reached XP level 2. HP: 26/26 MP: 2/2
   331 | D:1      | Reached * piety under Lugonu
   670 | D:1      | Reached XP level 3. HP: 8/33 MP: 3/3
  1952 | D:2      | Reached XP level 4. HP: 37/40 MP: 3/5
  1963 | D:2      | Reached skill level 4 in Fighting
  2017 | D:2      | Found a faded altar of an unknown god.
  2124 | D:2      | Found a faded altar of an unknown god.
  2124 | D:2      | Found a faded altar of an unknown god.
  2130 | D:2      | Found a radiant altar of Vehumet.
  2132 | D:2      | Found a faded altar of an unknown god.
  2135 | D:2      | Found a faded altar of an unknown god.
  2248 | D:2      | Found a hide-covered altar of Uskayaw.
  2331 | D:2      | Reached ** piety under Lugonu
  2536 | D:2      | HP: 2/40 [gnoll/spear (8)]
  2540 | D:2      | Slain by a gnoll

Skill      XL: |  1  2  3  4 |
---------------+-------------+-----
Armour         | 2 |  2.5
Axes           | 2 |  2.6
Fighting       | 4 |  4.0
Dodging        | |  0.8
Invocations    | |  2.8

Action                   |  1- 3 |  4- 6 || total
-------------------------+-------+-------++-------
Melee: Hand axe          |   117 |    53 ||   170
Invok: Depart the Abyss  |     1 |       ||     1
  Use: Scroll            |     3 |       ||     3
       Potion            |       |     3 ||     3
  Eat: Chunk             |    13 |     4 ||    17
Armor: Leather armour    |    38 |       ||    38
       Ring mail         |     6 |    14 ||    20
       Scale mail        |       |    16 ||    16
Dodge: Dodged            |    61 |    28 ||    89
Block: Buckler           |    13 |    22 ||    35
